 Dungeon Crawl Stone Soup version 0.28.0 (webtiles) character file.

Game seed: 12959246684135303181

3775 crazypyro the Basher (level 10, -3/91 (94) HPs)
             Began as an Ogre Monk on Feb 14, 2022.
             Was a Believer of Qazlal.
             Slain by a hornet (16 damage)
             ... on level 8 of the Dungeon.
             The game lasted 00:11:27 (13427 turns).

crazypyro the Basher (Ogre Monk)                   Turns: 13427, Time: 00:11:27

HP:   -3/91 (94)    AC:  3    Str: 21    XL:     10   Next: 16%
MP:   21/21         EV: 16    Int: 11    God:    Qazlal [**....]
Gold: 334           SH:  3    Dex: 11    Spells: 24/24 levels left

rFire   . . .      SeeInvis .   v - +1 flail
rCold   . . .      Faith    .   (no shield)
rNeg    . . .      Spirit   .   b - +0 robe
rPois   .          Reflect  .   (helmet restricted)
rElec   .          Harm     .   (no cloak)
rCorr   .          Rampage  .   (gloves unavailable)
Will    +....                   (boots unavailable)
Stlth   +.........              (no amulet)
HPRegen 0.25/turn               g - +4 ring of evasion
MPRegen 0.17/turn               (no ring)

@: studying Spellcasting, lightly drained
A: large, unfitting armour, tough skin 1
a: Renounce Religion, Upheaval


You were on level 8 of the Dungeon.
You worshipped Qazlal.
Qazlal was pleased with you.
You visited 2 branches of the dungeon, and saw 9 of its levels.

You collected 334 gold pieces.

Inventory:

Hand Weapons
 a - a +0 mace
 d - a +2 hand axe of venom
 v - a +1 flail (weapon)
Missiles
 k - a throwing net (quivered)
Armour
 b - a +0 robe (worn)
Jewellery
 g - a +4 ring of evasion (left hand)
 w - a +4 ring of evasion
Scrolls
 c - 4 scrolls of identify
 l - a scroll of amnesia
 p - a scroll of enchant weapon
Potions
 e - a potion of curing
 f - 2 potions of resistance {unknown}
 h - 5 potions of might {unknown}
 i - 4 potions of invisibility {unknown}
 j - 3 potions of flight {unknown}
 q - a potion of mutation {unknown}
 r - 3 potions of attraction {unknown}
 t - a potion of haste {unknown}
 u - 2 potions of degeneration {unknown}


   Skills:
 + Level 4.7 Fighting
 - Level 10.0 Maces & Flails
 - Level 2.0 Armour
 + Level 7.4 Dodging
 - Level 1.4 Stealth
 - Level 7.7 Spellcasting
 + Level 1.7 Invocations


You had 24 spell levels left.
You didn't know any spells.
Your spell library contained the following spells:

 Spells                   Type           Power      Damage    Failure   Level
 Shock                    Conj/Air       16%        1d4       16%         1
 Summon Small Mammal      Summ           16%        N/A       16%         1
 Sublimation of Blood     Necr           4%         N/A       24%         2
 Wereblood                Tmut           4%         N/A       24%         2
 Call Canine Familiar     Summ           4%         N/A       43%         3
 Ignite Poison            Fire/Tmut/Pois 4%         N/A       43%         3
 Mephitic Cloud           Conj/Pois/Air  4%         N/A       43%         3
 Stone Arrow              Conj/Erth      8%         3d7       43%         3
 Summon Guardian Golem    Hex/Summ       4%         N/A       43%         3
 Swiftness                Air            4%         N/A       43%         3
 Airstrike                Air            2%         N/A       85%         4
 Animate Armour           Summ/Erth      8%         N/A       85%         4
 Freezing Cloud           Conj/Ice/Air   2%         6-21      99%         5
 Summon Hydra             Summ           2%         N/A       100%        7
 Lehudib's Crystal Spear  Conj/Erth      2%         10d2      100%        8


Dungeon Overview and Level Annotations

Branches:
Dungeon (8/15)             Temple (1/1) D:6
   Lair: D:8-11

Altars:
Ashenzari
Cheibriados
Dithmenos
Elyvilon
Fedhas
Gozag
Hepliaklqana
Kikubaaqudgha
Makhleb
Nemelex Xobeh
Okawaru
Qazlal
Ru
Sif Muna
Trog
Uskayaw
Vehumet
Wu Jian
Xom
Yredelemnul
Zin
The Shining One

Shops:
D:4 (


Innate Abilities, Weirdness & Mutations

You are too large for most types of armour.
You have tough skin. (AC +1)


Message History

The wyvern is moderately wounded.
The wyvern closely misses you.
You closely miss the wyvern.
The wyvern is moderately wounded.
The wyvern bites you but does no damage.
The wyvern closely misses you.
You hit the wyvern.
The wyvern is moderately wounded.
The wyvern barely misses you.
You closely miss the wyvern.
The wyvern is moderately wounded.
The wyvern bites you.
You closely miss the wyvern.
The wyvern is moderately wounded.
The wyvern misses you. The wyvern bites you!
You barely miss the wyvern.
The wyvern is moderately wounded.
The wyvern closely misses you.
You hit the wyvern.
The wyvern is heavily wounded.
The wyvern misses you.
You sock the wyvern!
The wyvern is severely wounded.
The wyvern bites you! x2
You hit the wyvern but do no damage.
The wyvern is severely wounded.
The wyvern closely misses you.
You barely miss the wyvern.
The wyvern is severely wounded.
The wyvern bites you!
You hit the wyvern but do no damage.
The wyvern is severely wounded.
The wyvern bites you!
* * * LOW HITPOINT WARNING * * *
The wyvern closely misses you.
You hit the wyvern.
You kill the wyvern!
Qazlal accepts your kill.
You hit the hornet but do no damage. The hornet stings you!
You die...

.##.#...# ##.......######.#####.
.#.###..####.........####...####.
.##.#......+.........'...........
.###....####.........####...#####
........# ##.......######.### #
.###.##.# ##.....##........# #
#.##.# ##...###.####.#.# # #.# .#
##'## #.....# #.# .# #@# #.....#
#.# #y# #.....# ... #Z# ##.....#
#.# =.. #......# ... #'####.#
..... ##.## .# ..... #8.8# ##
....... ##.## ##.##


You could see a hornet and a killer bee zombie.

Vanquished Creatures
  A komodo dragon (D:7)
  Prince Ribbit (D:6)
  Eustachio (D:4)
  Sigmund (D:4)
  A wyvern (D:8)
  An acid dragon (D:4)
  3 water moccasins
  A hornet zombie (D:6)
  2 ice beasts
  3 orc warriors
  2 sky beasts
  A black bear (D:3)
  A centaur (D:5)
  A phantom (D:5)
  Blork the orc (D:6)
  A kobold brigand (D:5)
  A bullfrog (D:8)
  A gnoll sergeant (D:4)
  A scorpion (D:4)
  5 wights
  4 howler monkeys
  A jelly (D:5)
  2 orc priests
  A bullfrog skeleton (D:4)
  2 hounds
  Jessica (D:2)
  2 hell rats (D:8)
  Natasha (thrice) (D:4)
  4 iguanas
  A hound skeleton (D:4)
  A howler monkey zombie (D:8)
  12 gnolls
  13 adders
  A white imp (D:7)
  2 worms
  3 dart slugs
  30 orcs
  6 endoplasms
  4 giant cockroaches
  7 hobgoblins
  6 jackals
  13 ball pythons
  3 bats
  7 frilled lizards
  5 goblins
  11 kobolds
  6 rats
181 creatures vanquished.

Vanquished Creatures (others)
  2 plants (D:7)
2 creatures vanquished.

Grand Total: 183 creatures vanquished

Notes
Turn   | Place    | Note
-------+----------+-------------------------------------------
     0 | D:1      | crazypyro the Ogre Monk began the quest for the Orb.
     0 | D:1      | Reached XP level 1. HP: 24/24 MP: 1/1
   457 | D:1      | Reached XP level 2. HP: 32/32 MP: 2/2
   603 | D:1      | Reached skill level 3 in Maces & Flails
   845 | D:1      | You fall into a shaft and drop 1 floor!
   870 | D:1      | Reached XP level 3. HP: 37/39 MP: 3/3
  1117 | D:1      | Reached skill level 1 in Armour
  1283 | D:1      | Reached XP level 4. HP: 17/48 MP: 4/4
  1794 | D:2      | Reached skill level 4 in Maces & Flails
  1878 | D:2      | Reached XP level 5. HP: 35/54 MP: 5/5
  2593 | D:2      | Noticed Jessica
  2601 | D:2      | Killed Jessica
  2998 | D:3      | Reached XP level 6. HP: 40/62 MP: 6/6
  3644 | D:4      | Noticed Natasha
  3650 | D:4      | Killed Natasha
  3707 | D:4      | Reached skill level 5 in Maces & Flails
  4025 | D:4      | Noticed an ice beast
  4045 | D:4      | Killed an ice beast
  4046 | D:4      | Reached XP level 7. HP: 14/70 MP: 7/7
  4733 | D:4      | Reached skill level 6 in Maces & Flails
  4853 | D:4      | Noticed Sigmund
  5048 | D:4      | Killed Sigmund
  5049 | D:4      | Reached skill level 5 in Dodging
  5049 | D:4      | Reached XP level 8. HP: 68/78 MP: 8/8
  5118 | D:4      | Noticed Natasha
  5127 | D:4      | Killed Natasha
  5131 | D:4      | Noticed Eustachio
  5152 | D:4      | Killed Eustachio
  5153 | D:4      | Reached skill level 7 in Maces & Flails
  5533 | D:4      | Found Peappic's Antique Weapon Boutique.
  5613 | D:4      | Noticed Natasha
  5624 | D:4      | Killed Natasha
  5902 | D:5      | Entered Level 5 of the Dungeon
  5922 | D:5      | Reached skill level 1 in Spellcasting
  7173 | D:5      | Reached skill level 8 in Maces & Flails
  7531 | D:5      | Found an ornate altar of the Wu Jian Council.
  7698 | D:6      | Noticed Prince Ribbit
  7698 | D:6      | Noticed Blork the orc
  7711 | D:6      | Killed Blork the orc
  8009 | D:6      | Reached XP level 9. HP: 76/84 MP: 15/15
  8028 | D:6      | Killed Prince Ribbit
  8335 | D:5      | Reached skill level 5 in Spellcasting
  9263 | D:6      | Found a staircase to the Ecumenical Temple.
  9305 | Temple   | Entered the Ecumenical Temple
  9501 | Temple   | Became a worshipper of Qazlal Stormbringer
  9501 | Temple   | Reached * piety under Qazlal
  9501 | Temple   | Reached ** piety under Qazlal
 10023 | D:7      | Reached skill level 9 in Maces & Flails
 10347 | D:7      | HP: 2/84 [water moccasin (8)]
 10868 | D:7      | Noticed a komodo dragon
 10883 | D:7      | Killed a komodo dragon
 11851 | D:6      | Reached XP level 10. HP: 15/86 MP: 21/21
 12507 | D:8      | Reached skill level 10 in Maces & Flails
 12650 | D:8      | Noticed a death yak
 13026 | D:8      | Reached skill level 1 in Invocations
 13427 | D:8      | Slain by a hornet

Illustrated notes

Levels and vault maps discovered:
D:1:      dpeg_arrival_simpleton_c, layout_basic, minmay_misc_feat_encased
D:2:      layout_rooms, uniq_jessica
D:3:      layout_loops_ring, st_stairs_5
D:4:      layout_basic, serial_shops, nicolae_stop_n_shop_2,
          minmay_misc_feat_columns, minmay_manual_monolith, uniq_eustachio,
          uniq_sigmund, uniq_natasha
D:5:      lemuel_ice_spiral_2, layout_rooms, kennysheep_mini_moat
D:6:      layout_rooms, minmay_temple_entry_overgrown, uniq_prince_ribbit1,
          uniq_blork_the_orc
D:7:      layout_basic, minmay_lizard_king
D:8:      layout_loops_corners, dpeg_lair_monsters, serial_shops, shop,
          dk_noncrumbling_2, hangedman_decor_clover_reticule
Temple:   mainiacjoe_temple_starburst

Skill      XL: |  1  2  3  4  5  6  7  8  9 10 |
---------------+-------------------------------+-----
Maces & Flails | 3 4 5 6 8 9 10 | 10.0
Dodging        | 3 4 5 6 7 |  7.4
Armour         | 1 2 |  2.0
Spellcasting   | 4 7 |  7.7
Invocations    | 1 |  1.7
Fighting       | |  4.7
Stealth        | |  1.4

Action                   |  1- 3 |  4- 6 |  7- 9 | 10-12 || total
-------------------------+-------+-------+-------+-------++-------
Melee: Mace              |    20 |       |       |       ||    20
       Hand axe          |    37 |   159 |   421 |       ||   617
       Punch             |     2 |     1 |     6 |       ||     9
       Flail             |       |       |    13 |    98 ||   111
  Use: Scroll            |       |     2 |     7 |       ||     9
       Potion            |       |     1 |     3 |       ||     4
 Stab: Sleeping          |     2 |     1 |     3 |       ||     6
       Distracted        |       |       |     1 |       ||     1
Armor: Robe              |     6 |    30 |    40 |     2 ||    78
Dodge: Dodged            |    41 |    98 |   364 |    57 ||   560
Block: Other             |       |       |    12 |     9 ||    21
